Cogmind - Beta 10.2 --- EXPLORER MODE // 2021.03.22 @ 16:01:30 Player: Genju Result: Destroyed by Y-45 Defender with Beam Rifle Performance ------------- Evolutions (1) 500 Regions Visited (2) 400 Robots Destroyed (21) 105 Value Destroyed (432) 432 Prototype IDs (0) 0 Alien Tech Used (0) 0 Bonus (0) 0 TOTAL SCORE: 1437 Bonus ------- None Cogmind --------- Core Integrity 0/400 Matter 300/300 Energy 160/160 System Corruption 0% Temperature Cool (9) Movement Walking (120) Location -9/Materials Parts ------- > --- POWER (1) -------- Light Nuclear Core > --- PROPULSION (2) --- Aluminum Leg Aluminum Leg > --- UTILITY (5) ------ Medium Storage Unit Advanced Targeting Computer Advanced Targeting Computer > --- WEAPON (2) ------- Particle Gun > --- INVENTORY (8) ---- Light Ion Engine Light Treads Light Treads Aluminum Leg Sensor Array Seismic Analyzer ECM Suite Peak State ------------ > --- POWER ------------ Light Ion Engine > --- PROPULSION ------- Aluminum Leg Aluminum Leg > --- UTILITY ---------- Medium Storage Unit Targeting Computer Targeting Computer Advanced Targeting Computer Advanced Targeting Computer > --- WEAPON ----------- EM Pulse Gun Assault Rifle > --- INVENTORY -------- Light Ion Engine Light Treads Sensor Array Seismic Analyzer ECM Suite Medium Laser Light Assault Rifle Great Maul [Rating: 15] Favorites ----------- Power Light Ion Engine Engine Light Ion Engine Power Core Light Nuclear Core Propulsion Aluminum Leg Leg Aluminum Leg Utility Medium Storage Unit Storage Medium Storage Unit Processor Targeting Computer Weapon Assault Rifle Energy Gun Medium Laser Ballistic Gun Assault Rifle Impact Weapon Great Maul Build | -11 -10 -9 ------- Run | Scr Mat Mat Slots Evolved 3 | . 1 2 Power . | . . . Propulsion . | . . . Utility 3 | . 1 2 Weapon . | . . . Parts Attached 20 | 4 6 10 Power 3 | 1 1 1 Engine 2 | 1 1 . Core 1 | . . 1 Reactor . | . . . Propulsion 4 | 2 . 2 Treads . | . . . Leg 4 | 2 . 2 Wheel . | . . . Hover . | . . . Flight . | . . . Utility 5 | 1 2 2 Device . | . . . Storage 1 | 1 . . Processor 4 | . 2 2 Hackware . | . . . Protection . | . . . Artifact . | . . . Weapon 8 | . 3 5 Energy Gun 4 | . 1 3 Energy Cannon . | . . . Ballistic Gun 3 | . 2 1 Ballistic Cannon . | . . . Launcher . | . . . Special Weapon . | . . . Impact Weapon 1 | . . 1 Slashing Weapon . | . . . Piercing Weapon . | . . . Special Melee Weapon . | . . . Unidentified Prototypes . | . . . Parts Lost 8 | . . 8 Power 1 | . . 1 Propulsion 2 | . . 2 Utility . | . . . Weapon 5 | . . 5 Highest Loss Streak 6 | . . 6 Average Slot Usage (%) 76 | . 85 56 Engine 8 | . 11 2 Leg 19 | . 25 6 Storage 11 | . 12 10 Processor 18 | . 17 20 Energy Gun 5 | . 7 3 Ballistic Gun 9 | . 10 7 Impact Weapon 1 | . . 5 Naked Turns . | . . . Heaviest Build 17 | 11 15 17 Greatest Support 20 | 20 20 20 Greatest Overweight (x) 5 | . . 5 Average Overweight (x) . | . . 2 Largest Inventory Capacity 8 | 8 8 8 Average Capacity 7 | 7 8 8 Most Carried 8 | 8 8 8 Average Carried 7 | 3 7 7 Final Capacity 8 | 8 8 8 Final Carried 8 | 8 8 7 Class Distribution -------------------- 100% | Hacker-Mutant Dominant Class ---------------- Hacker-Mutant | -10/Materials Hacker-Mutant | -9/Materials Resources | -11 -10 -9 ----------- Run | Scr Mat Mat Matter Collected 476 | 180 161 135 Remotely . | . . . Salvage Created 542 | . 161 381 Parts 30 | . 13 17 Haulers Intercepted . | . . . Recyclers Shooed . | . . . Parts Field Recycled . | . . . Retrieved Matter . | . . . Parts Self-Destructed . | . . . Prevented . | . . . Kills | -11 -10 -9 ------- Run | Scr Mat Mat Combat Hostiles Destroyed 18 | . 5 13 Melee 2 | . . 2 Guns 14 | . 5 9 Classes Destroyed 3 | . 3 . Watcher 3 | . 3 . Swarmer 11 | . 4 7 Grunt 7 | . 1 6 Best Kill Streak 3 | . 2 3 Combat Bots Only 3 | . 2 3 Max Kills in Single Turn 2 | . 1 2 Gunslinging 1 | . . 1 Exploded . | . . . Melee 1 | . . 1 Uniques/NPCs Destroyed . | . . . Combat | -11 -10 -9 -------- Run | Scr Mat Mat Damage Taken 1156 | . 130 1026 Core 424 | . 24 400 Absorbed by Shields . | . . . Core Remaining (%) 95 | 100 90 . Volleys Fired 68 | . 20 48 Largest 2 | . 2 2 Hottest 70 | . 70 65 Shots Fired 92 | . 33 59 Gun 92 | . 33 59 Cannon . | . . . Launcher . | . . . Special . | . . . Kinetic 60 | . 17 43 Thermal 20 | . 16 4 Explosive . | . . . Electromagnetic 12 | . . 12 Robot Hit Streak 31 | . 9 31 Robot Miss Streak 1 | . 1 1 Penetration Max . | . . . Secondary Targets 2 | . 1 1 Max Gunslinging Chain 1 | . 1 1 Shots Hit Robots 93 | . 25 68 Core Hits 28 | . 9 19 Critical Hits 1 | . 1 . Critical Kills . | . . . Critical Parts Destroyed 1 | . 1 . Melee Attacks 14 | . . 14 Impact 14 | . . 14 Slashing . | . . . Piercing . | . . . Sneak Attacks . | . . . Combat Hostiles . | . . . Follow-up Attacks . | . . . Damage Inflicted 1279 | . 290 989 Guns 864 | . 290 574 Cannons . | . . . Explosions . | . . . Melee 415 | . . 415 Ramming . | . . . Kinetic 539 | . 152 387 Thermal 196 | . 138 58 Explosive . | . . . Electromagnetic 129 | . . 129 Impact 415 | . . 415 Slashing . | . . . Piercing . | . . . Highest Corruption 1 | . 1 . Average Corruption 1 | . 1 . Corruption Purged . | . . . Overload Shots . | . . . Overflow Damage 36 | . . 36 Projectiles . | . . . Explosions . | . . . Melee 36 | . . 36 Knockbacks 4 | . . 4 Impact 4 | . . 4 Kinetic . | . . . Secondary . | . . . Self-Inflicted Damage . | . . . Shots . | . . . Rammed . | . . . Targets Rammed . | . . . Kicked . | . . . Crushed . | . . . Highest Temperature 50 | . 48 50 Average Temperature 16 | . 17 15 Received Heat Transfer 672 | . 33 639 Siege Activations . | . . . Robots Corrupted 2 | . . 2 Combat Hostiles 2 | . . 2 Parts Fried 3 | . . 3 Impact Corruptions 6 | . . 6 Robots Melted . | . . . Combat Hostiles . | . . . Parts Melted 2 | . 2 . Heat Transferred 555 | . 407 148 Parts Sabotaged . | . . . Parts Stolen . | . . . Parts Stripped . | . . . Power Chain Reactions . | . . . Missiles Intercepted . | . . . Alert | -11 -10 -9 ------- Run | Scr Mat Mat Peak Influence 302 | . 116 302 Initial 18 | . . 18 Average 59 | . 22 155 Maximum Alert Level 1 | . . 1 Low Security (%) 87 | 100 100 56 Level 1 12 | . . 43 Level 2 . | . . . Level 3 . | . . . Level 4 . | . . . Level 5 . | . . . High Security . | . . . Max Security . | . . . Squads Dispatched . | . . . Investigation . | . . . Extermination . | . . . Reinforcement . | . . . Assault . | . . . Garrison . | . . . Intercept . | . . . Construction Impeded . | . . . Haulers Reinforced . | . . . Stealth | -11 -10 -9 --------- Run | Scr Mat Mat Distress Signals 2 | . 1 1 Communications Jammed . | . . . Distress Signals . | . . . Times Spotted 38 | . 12 26 Peak Tracking Total 9 | . 2 9 Tactical Retreats 4 | . 1 3 Traps | -11 -10 -9 ------- Run | Scr Mat Mat Traps Triggered 2 | . 2 . Indirectly . | . . . Trap Hack Attempts . | . . . Triggered . | . . . Disarmed . | . . . Reprogrammed . | . . . Reused . | . . . Traps Extracted . | . . . Installed . | . . . Triggered . | . . . Machines | -11 -10 -9 ---------- Run | Scr Mat Mat Machines Disabled 1 | . . 1 Max in Single Turn 1 | . . 1 Machines Sabotaged . | . . . Garrisons Compromised . | . . . Overloaded Fab Kills . | . . . Fab Network Shutdowns . | . . . Hacking | -11 -10 -9 --------- Run | Scr Mat Mat Machines Accessed 11 | . 10 1 Terminals 8 | . 7 1 Fabricators . | . . . Repair Stations 1 | . 1 . Recycling Units 2 | . 2 . Scanalyzers . | . . . Garrison Access . | . . . Total Hacks 36 | . 32 4 Successful 26 | . 24 2 Failed 10 | . 8 2 Catastrophic . | . . . Database Lockouts . | . . . Manual 34 | . 30 4 Terminals 32 | . 28 4 Fabricators . | . . . Repair Stations 2 | . 2 . Recycling Units 2 | . 2 . Scanalyzers . | . . . Garrison Access . | . . . Terminal Hacks 16 | . 15 1 Part Schematic 16 | . 15 1 Fabricator Hacks . | . . . Repair Station Hacks 2 | . 2 . Scan Component 1 | . 1 . Repair 1 | . 1 . Recycling Unit Hacks . | . . . Scanalyzer . | . . . Garrison Access Hacks . | . . . Unauthorized Hacks 8 | . 7 1 Terminals 6 | . 5 1 Track 1 | . 1 . Botnet 5 | . 4 1 Fabricators . | . . . Repair Stations . | . . . Recycling Units 2 | . 2 . Reject 2 | . 2 . Scanalyzers . | . . . Garrison Access . | . . . Data Cores Recovered . | . . . Used . | . . . Hacking Detections 8 | . 7 1 Full Trace Events 1 | . 1 . Feedback Events . | . . . Feedback Blocked . | . . . Robot Schematics Acquired . | . . . Robots Built . | . . . Matter . | . . . Time . | . . . Total Robot Build Rating . | . . . Part Schematics Acquired 16 | . 15 1 Parts Built . | . . . Matter . | . . . Time . | . . . Total Part Build Rating . | . . . Parts Repaired 1 | . 1 . Time 26 | . 26 . Parts Recycled . | . . . Recycled Matter . | . . . Retrieved Matter . | . . . Retrieved Components . | . . . Parts Scanalyzed . | . . . Part Schematics Acquired . | . . . Parts Damaged . | . . . Bothacking | -11 -10 -9 ------------ Run | Scr Mat Mat Used RIF Installer . | . . . Robots Hacked . | . . . Non-combat . | . . . Combat . | . . . Robot Hacks Applied . | . . . Relay Couplers Released . | . . . Robots Rewired . | . . . Allies Hacked . | . . . Hacks Repelled . | . . . Allies | -11 -10 -9 -------- Run | Scr Mat Mat Total Allies . | . . . Largest Group . | . . . Highest-Rated Group . | . . . Highest-Rated Ally . | . . . Total Orders . | . . . Ally Attacks . | . . . Total Damage . | . . . Kills . | . . . Allies Corrupted . | . . . Allies Melted . | . . . Intel | -11 -10 -9 ------- Run | Scr Mat Mat Robot Analysis Total . | . . . Derelict Logs Recovered . | . . . Drone Launches . | . . . Drone Recoveries . | . . . Exploration | -11 -10 -9 ------------- Run | Scr Mat Mat Turns Passed 1756 | 85 1160 511 Spaces Moved 993 | 62 743 188 Core 106 | 9 . 97 Treads . | . . . Legs 887 | 53 743 91 Wheels . | . . . Hover . | . . . Flight . | . . . Fastest Speed 50 | 50 120 120 Average Speed 131 | 109 120 185 Slowest Speed 300 | 120 120 300 Overloaded Moves . | . . . Propulsion Burnouts . | . . . Robots Hopped . | . . . Cave-ins Triggered . | . . . Exploration Rate (%) 38 | 4 94 17 Regions Visited 2 Branch Regions . Pre-discovered Areas . | . . . Known Exits Taken 2 | 1 1 . Unknown Exits Taken . | . . . Scrap Searched . | . . . Spaces Dug . | . . . Terrain Destroyed . | . . . Melee . | . . . Projectile . | . . . AOE . | . . . Terrain Rammed . | . . . Walls Destroyed . | . . . Machines Disabled . | . . . Actions | -11 -10 -9 --------- Run | Scr Mat Mat Total 1327 | 79 979 269 Wait 203 | 2 199 2 Move 991 | 61 742 188 Hop . | . . . Pick Up 24 | 12 8 4 Fast Attach 6 | . 1 5 Attach 12 | 4 4 4 Detach . | . . . Swap 2 | . 1 1 Drop 7 | . 4 3 Fire 68 | . 20 48 Melee 14 | . . 14 Ram . | . . . Kick . | . . . Crush . | . . . Escape Stasis . | . . . Rewire . | . . . Trap . | . . . Miscellaneous . | . . . Route ------- -11/Scrapyard -10/Materials (discovered 5 exits: *Mat x3 / *Min x2) -9/Materials History --------- Turn | Location | Event 7 | -11/Scrapyard | Identified exit to Materials 7 | -11/Scrapyard | Discovered exit to Materials (range 16) 86 | -11/Scrapyard | Entered Materials 86 | -10/Materials | Evolved 1 slot: Utility x1 302 | -10/Materials | Build established: Hacker-Mutant 420 | -10/Materials | Identified exit to Materials 420 | -10/Materials | Discovered exit to Materials (range 15) 529 | -10/Materials | Discovered exit to Materials (range 16) 620 | -10/Materials | Identified exit to Mines 620 | -10/Materials | Discovered exit to Mines (range 16) 713 | -10/Materials | Discovered exit to Materials (range 15) 933 | -10/Materials | Discovered exit to Mines (range 15) 1170 | -10/Materials | Repaired Lgt. Ion Engine 1246 | -10/Materials | Entered another Materials area 1246 | -9/Materials | Evolved 2 slots: Utility x2 1396 | -9/Materials | Lost 6 parts (1p2n3w) 1397 | -9/Materials | Core integrity fell below 50% 1653 | -9/Materials | Core integrity fell below 20% 1757 | -9/Materials | Destroyed by Y-45 Defender with Beam Rifle Last Messages --------------- >>Schematic(Mace) Downloading schematic... Mace Rating: 2 Schematic downloaded. R-06 Scavenger collects Broken Ion Engine. K-01 Serf collects debris. Great Maul destroyed. G-47 Trooper destroyed. Acquired 12 matter. Acquired Aluminum Leg. Acquired Lgt. Nuclear Core. Lgt. Assault Rifle destroyed. R-06 Scavenger collects Aluminum Leg. Acquired Particle Gun. G-34 Mercenary destroyed. Acquired 18 matter. Acquired Aluminum Leg. Acquired 19 matter. Acquired 1 matter. Map ----- +----------------------------------------------------+ | "" #????????????????????????????????????????????? | | "" #????????????????????????????????????????????? | | "" #???????????##########???????????????????????? | | %##########+## #???????????????????????? | | + #???????????????????????? | | "" # #???????????????????????? | | "" # ! #???????????????????????? | | %" % # """ #???????????????????????? | | %% % # """"" #???????????????????????? | | % % % % #%""""" #???????????????????????? | | %############ + """"" #???????????????????????? | | #??###?????# # """ #???????????????????????? | | #### #?????# ##########???????????????????????? | | ## !!#????## ##?????#######???????????????????? | | ## ! #????# !####### #???????????????????? | | ## ###### #???????????????????? | | ## + T #???????????????????? | | ## ! ###### #???????????????????? | | ## #????# ####### #???????????????????? | | ## #????#######?????## ##???????????????????? | | ###/#################### #????????????????????? | | #????????????????????? | | #????????????????????? | | ^ #????????????????????? | | ######################### #????????????????????? | | #???????????????????????#@ #????????????????????? | | #???????????????????????# ???????????????? | | #???????????????????????+ Y ??????????? | | ???????????????????????# ?????????? | | #???????????????????????## ##### ###?????????? | | #????????????????????????#+#????? ##???????????? | | ?????????????????????????????????? #????????????? | | ????????????????????????????????????#????????????? | | ?????????????????????????????????????????????????? | | ?????????????????????????????????????????????????? | | ?????????????????????????????????????????????????? | | ?????????????????????????????????????????????????? | | ?????????????????????????????????????????????????? | | ?????????????????????????????????????????????????? | | ?????????????????????????????????????????????????? | | ?????????????????????????????????????????????????? | | ?????????????????????????????????????????????????? | | ?????????????????????????????????????????????????? | | ?????????????????????????????????????????????????? | | ?????????????????????????????????????????????????? | | ?????????????????????????????????????????????????? | | ?????????????????????????????????????????????????? | | ?????????????????????????????????????????????????? | | ?????????????????????????????????????????????????? | | ?????????????????????????????????????????????????? | +----------------------------------------------------+ Best States ------------- Heat Dissipation 28 Energy Generation 10 Energy Capacity 160 Matter Stores 300 Matter Capacity 300 Sight Range 16 Terrain Scan Density 10 Resistance: KI 35 Resistance: TH 35 Resistance: EX 35 Resistance: EM 35 Resistance: I 35 Resistance: S 35 Resistance: P 35 Evasion (%) 50 Targeting Accuracy 18 Offensive Hacking 20 Item Schematics ----------------- Aluminum Leg | -10/Materials | Hacked Assault Rifle | -10/Materials | Hacked Ion Engine | -10/Materials | Hacked Sensor Array | -10/Materials | Hacked Signal Interpreter | -10/Materials | Hacked Lgt. Armor Plating | -10/Materials | Hacked Lgt. Ion Engine | -10/Materials | Hacked Grenade Launcher | -10/Materials | Hacked Heat Sink | -10/Materials | Hacked Seismic Analyzer | -10/Materials | Hacked Structural Scanner | -10/Materials | Hacked Transport Network Coupler | -10/Materials | Hacked Targeting Computer | -10/Materials | Hacked Hammer | -10/Materials | Hacked Flight Unit | -10/Materials | Hacked Mace | -9/Materials | Hacked Robot Schematics ------------------ None Fabricated ------------ Nothing Alien Tech Used ----------------- None Achievements -------------- None Challenges ------------ None Game ------ Seed CombatHardenedInsulator Manual? 0 Play Time 00:22:36 Cumulative 4.7 hours Start 2021.03.22 @ 15:38:10 End 2021.03.22 @ 16:01:30 Sessions 1 Manual Loads 0 Difficulty Explorer Special Mode None Game No. 11 Rogue 1 Adventurer 3 Explorer 7 Win Type - Total 0 Types 0/0/0/0/0/0/0/0/0 Lore% 6 Gallery% 12 Achievement% 14 Wizard Run 0 Options --------- ASCII 0 Keyboard 0 Movement Mouse Keybinds 0 Fullscreen 1 Font 24/Smallcaps Map View 76x50 Tactical HUD 0 Map Filters NONE Filters NONE Steam 1 RUN: b22a71a7-c086-4cb4-bd20-3f39c6640366